[Event "Late-Titled-Tuesday-Blitz-May-14-2024"]
[Site "Chess.com"]
[Date "2024.05.14"]
[Round "2"]
[White "Klendi"]
[Black "Lennis93"]
[Result "1-0"]
[WhiteElo "2415"]
[BlackElo "2699"]
[TimeControl "180+1"]
[EndTime "14:19:47 PDT"]
[Termination "Klendi won by checkmate"]

1. e4 c5 2. c3 Nf6 3. e5 Nd5 4. d4 cxd4 5. cxd4 d6 6. Nf3 Nc6 7. a3 dxe5 8. dxe5 Bg4 9. Bc4 e6 10. Be2 Nb6 11. O-O Be7 12. Nc3 O-O 13. Be3 Bxf3 14.
Bxf3 Nc4 15. Bxc6 bxc6 16. Qe2 Nxe5 17. Bxa7 Rxa7 18. Qxe5 Bf6 19. Qe3 Qb8 20. Rac1 Rd7 21. b4 c5 22. Qxc5 Rc8 23. Qb5 Rb7 24. Qd3 Bg5 25.
Rcd1 h6 26. Ne4 Bf4 27. Nc5 Bxh2+ 28. Kh1 Be5 29. Nxb7 Qxb7 30. Qd7 Rc7 31. Qd8+ Kh7 32. Qd3+ g6 33. Rfe1 Bf6 34. Qf3 Qxf3 35. gxf3 Ra7 36. Re3 Bg5 37. Rb3 Kg7 38. b5 Bf4 39. b6 Ra5 40.
Rd4 Be5 41. Re4 Bb8 42. Rc4 Rh5+ 43. Kg2 Rg5+ 44. Kf1 h5 45. Rc8 Bh2 46. b7 h4 47.
b8=Q Rg1+ 48. Ke2 Bxb8 49. Rbxb8 g5 50. Rg8+ Kf6 51. Rh8 Ra1 52. Rh6+ Kg7 53. Rhh8 Ra2+ 54. Kf1 Rxa3 55. Rbg8+ Kf6 56. Kg2 Rb3 57. Rh6+ Kf5 58. Rg7 Rb7 59. Rh5 Kf6 60. Rhxg5 Rb3 61. Rg4 h3+ 62. Kg3 h2 63. Rh7 Rb1 64. Rxh2 Ke7 65. Rh7 Rg1+ 66. Kf4 Ra1 67. Rgg7 Kd6 68. Rxf7 Ra4+ 69.
Kg3 Ra3 70. Rf6 Kd5 71. Rhh6 e5 72. Rh5 Ra1 73. f4 Re1 74. Rxe5+ Rxe5 75. fxe5 Kxe5 76. Ra6 Ke4 77. f4 Kd5 78. f5 Ke5 79. f6 Kf5 80. f7 Kg5 81. f8=Q Kh5 82. Qh6# 1-0

[Event "Late-Titled-Tuesday-Blitz-May-14-2024"]
[Site "Chess.com"]
[Date "2024.05.14"]
[Round "2"]
[White "Rdeux42"]
[Black "Sokoloco"]
[Result "0-1"]
[WhiteElo "2401"]
[BlackElo "2747"]
[TimeControl "180+1"]
[EndTime "14:19:50 PDT"]
[Termination "Sokoloco won by resignation"]

1. d4 d6 2. Nf3 Nf6 3. g3 c5 4.
c4 cxd4 5. Nxd4 Nc6 6. Bg2 Qb6 7.
Nb3 Qb4+ 8. N1d2 a5 9. Rb1 a4 10. Na1 g6 11. O-O Bg7 12. Nc2 Qb6 13. b4 axb3 14.
axb3 Nb4 15. Nxb4 Qxb4 16. Bb2 O-O 17. Qc2 Bg4 18. Bc3 Qb6 19. Nf3 Bf5 20. Qb2 Bxb1 21. Rxb1 Ra6 22. Nd4 Rfa8 23. Qd2 Ra2 24. Qd3 Ng4 25. h3 Nxf2 26. Kxf2 e5 27. Rd1 exd4 28. Bxd4 Bxd4+ 29. Qxd4 Qxb3 30. Bf3 Qb4 31. Qxd6 Qxd6 32. Rxd6 Rc8 33. Rd7 Ra5 34. Bxb7 Rxc4 35. Bd5 Rcc5 36. Bxf7+ Kf8 37. Be6 Re5 38. Bc4 Rac5 39. Bd3 Re7 40.
Rd8+ Kg7 41. h4 Rce5 42. Kf3 R5e6 43. Kg4 Re3 44. Rd4 R3e6 45. h5 gxh5+ 46. Kxh5 Re5+ 47. Kh4 Kh6 48. Rd6+ Kg7 49. g4 Rc5 50. g5 Ra5 51.
Rh6 Kg8 52. Rf6 Ra1 53. Kh5 Kg7 54. Kg4 Rg1+ 55. Kf4 Rf1+ 56. Kg4 Rxf6 57. gxf6+ Kxf6 58. Kf4 h5 59. Kg3 Kg5 60. Kh3 Re3+ 61. Kg2 Kg4 62.
Bb5 Re7 63. Kf2 h4 64. Ba6 Kh3 65. Kf3 Rf7+ 66. Ke4 Kg3 67. Ke5 Re7+ 68. Kf6 Re3 69. Kf5 h3 70. Bb7 Rxe2 71. Bc6 Re1 72. Bd5 h2 73. Bc6 h1=Q 74. Bxh1 Rxh1 75. Ke4 Rf1 76. Kd3 Rf4 77. Ke2 Re4+ 78. Kd3 Kf3 0-1

[Event "Late-Titled-Tuesday-Blitz-May-14-2024"]
[Site "Chess.com"]
[Date "2024.05.14"]
[Round "2"]
[White "vladislavkovalev"]
[Black "PenguinPacks"]
[Result "1/2-1/2"]
[WhiteElo "2838"]
[BlackElo "2502"]
[TimeControl "180+1"]
[EndTime "14:19:52 PDT"]
[Termination "Game drawn by agreement"]

1. e4 c6 2. d4 d5 3. e5 Bf5 4. h4 h5 5. Bd3 Bxd3 6. Qxd3 e6 7.
Bg5 Qa5+ 8. Nd2 Qa6 9. c4 Bb4 10. b3 Nd7 11. Nf3 Nh6 12. Bxh6 Rxh6 13. O-O Be7 14. g3 c5 15. Rac1 Rd8 16. Rfd1 Rg6 17. Qe3 Rg4 18. cxd5 exd5 19. dxc5 Bxc5 20. Rxc5 d4 21.
Nxd4 Nxc5 22. Nf5 Ne6 23. Nd6+ Rxd6 24. exd6 Qxd6 25. Rc1 Qd4 26. Nf1 Qxe3 27. Nxe3 Rd4 28. Rc2 g6 29. Kf1 Kd7 30. Ke2 Nc7 31. Nc4 f6 32.
Ne3 Nd5 33. a3 Nxe3 34. Kxe3 Rd5 35. b4 Re5+ 36. Kd4 b6 37. a4 a6 38. f3 Rf5 39. f4 Kd6 40. Rc8 Rd5+ 41. Ke4 f5+ 42. Ke3 Kd7 43. Ra8 a5 44. b5 Rd6 45. Rg8 Ke7 46.
Rg7+ Kf6 47. Rb7 Ke6 48. Rc7 Kd5 49. Kd3 Re6 50. Rd7+ Rd6 51. Re7 Re6 52. Rg7 Kc5 53. Rc7+ Kd5 54. Rc8 Rd6 55. Rc1 Re6 56. Rc2 Rd6 57. Re2 Re6 58. Rd2 Re4 59. Kc3+ Kc5 60. Rd8 Re3+ 61. Kd2 Rxg3 62. Rc8+ Kb4 63. Rc6 Kxa4 64.
Rxb6 Rg4 65. Ke3 Rg3+ 66. Kf2 Rg4 67. Kf3 Rxh4 68. Rxg6 Kxb5 69. Rg5 Kb4 70. Rxf5 a4 71. Kg3 Rg4+ 72. Kf3 Rg8 73. Rxh5 a3 74. Rh1 Kb3 75. f5 a2 76. Kf4 Ka3 77. f6 Rb8 78. Ra1 Kb2 79.
Rxa2+ Kxa2 80. Ke5 1/2-1/2

[Event "Late-Titled-Tuesday-Blitz-May-14-2024"]
[Site "Chess.com"]
[Date "2024.05.14"]
[Round "2"]
[White "ATM622"]
[Black "PhileKhoob"]
[Result "1-0"]
[WhiteElo "2538"]
[BlackElo "2330"]
[TimeControl "180+1"]
[EndTime "14:19:53 PDT"]
[Termination "ATM622 won on time"]

1. d4 d5 2. c4 c6 3. Nf3 Nf6 4.
Nbd2 e6 5. g3 Bd6 6. Bg2 O-O 7.
O-O Nbd7 8. Qc2 Re8 9. e4 dxe4 10. Nxe4 Nxe4 11. Qxe4 Nf6 12. Qc2 Qc7 13. Rd1 c5 14.
dxc5 Bxc5 15. Bf4 Qb6 16. h3 Bd7 17. Ne5 Bc6 18. Nxc6 bxc6 19. b4 Bxb4 20. Rab1 e5 21. Be3 Qa5 22. Bxc6 Rac8 23. Bxe8 Nxe8 24. Qd3 Nd6 25. Qd5 Nxc4 26. Qxa5 Bxa5 27. Bxa7 h6 28. Rb8 Rxb8 29. Bxb8 Kf8 30. Ba7 Ke7 31. Rc1 Nd2 32. Rc5 Bb4 33. Rxe5+ Kd7 34. Re2 Kc6 35. Be3 Nc4 36.
Rc2 Kd5 37. Ba7 Ne5 38. Kg2 g5 39. g4 Nd3 40. Rc7 f6 41. Be3 Ke6 42. a4 Ba5 43. Rh7 Ne5 44. Rxh6 Nf7 45. Rg6 Bc3 46. Rg8 Nd6 47.
Rb8 Ba5 48. Bc5 Ne4 49. Be3 Bc7 50. Rb5 Nd6 51. Rb1 Kd5 52. Rc1 Bd8 53. Rc5+ Ke4 54. a5 Nb7 55. a6 Nxc5 56. a7 Ne6 57. a8=Q+ Ke5 58. Qb8+ Bc7 59. Qb5+ Kd6 60. Qf5 Ke7 61. Bc5+ Kf7 62. Be3 Be5 63. Kf3 Ng7 64. Qd7+ Kg6 65. Ke4 Ba1 66. Bd4 Bxd4 67. Kxd4 Kh7 68. Qf7 Kh6 69.
Qxf6+ Kh7 70. Qxg7+ 1-0

[Event "Late-Titled-Tuesday-Blitz-May-14-2024"]
[Site "Chess.com"]
[Date "2024.05.14"]
[Round "2"]
[White "Balla_Tamas"]
[Black "Sacbutt"]
[Result "0-1"]
[WhiteElo "2521"]
[BlackElo "2341"]
[TimeControl "180+1"]
[EndTime "14:19:53 PDT"]
[Termination "Sacbutt won by resignation"]

1. Nf3 e6 2. b3 d5 3. Bb2 Nf6 4. e3 Be7 5. c4 O-O 6. Nc3 c5 7. cxd5 Nxd5 8. Be2 Nc6 9. O-O Bf6 10. d4 cxd4 11. Nxd5 Qxd5 12. exd4 Rd8 13. Bc4 Qd6 14. Qe2 Nxd4 15. Nxd4 Bxd4 16. Bxd4 Qxd4 17. Rad1 Qf6 18. Rxd8+ Qxd8 19. Rd1 Qc7 20. Qe5 Qe7 21. Qd4 Kf8 22.
Qe4 f5 23. Qe5 Bd7 24. Qc7 Bc6 25. Qe5 Re8 26. Rd6 Bd7 27. h3 a6 28. a4 h6 29. Qd4 Bc8 30. a5 Qf6 31. Qc5 Kg8 32.
g3 Kh7 33. Qe3 Qe7 34. Rb6 e5 35. Qf3 e4 36. Qh5 e3 37. Qg6+ Kh8 38. fxe3 Qxe3+ 39. Kg2 Qd2+ 40. Kf3 Qe3+ 41. Kg2 Qd2+ 42. Kf3 Re3+ 43. Kf4 Re6+ 44. Kf3 Rxg6 45. Rxg6 Qc3+ 46. Kg2 Qxa5 47. Rd6 Qc7 48. Rd3 b5 49. Bd5 Bb7 50. Bf3 Bxf3+ 51. Kxf3 Qe5 52. Re3 Qd5+ 53. Kf4 a5 54. Re5 Qd6 55.
Kxf5 Qf6+ 56. Ke4 a4 57. Rxb5 Qc6+ 58. Rd5 a3 59. Kd4 Qxd5+ 60. Kxd5 a2 61. b4 a1=Q 62. Kc5 Qc3+ 63. Kb5 Qxg3 64. Ka6 Qxh3 65. b5 Qc8+ 66. Ka7 Qc5+ 67. b6 h5 68. Ka8 Qb5 69. b7 Qxb7+ 70. Kxb7 h4 71. Kc6 h3 72. Kd5 h2 73. Ke4 h1=Q+ 74. Kf5 Qh6 75. Kg4 Qh7 76. Kg5 Kg8 77. Kf4 Kf7 78. Ke5 Qg6 79. Kf4 Qf6+ 80. Ke3 g5 81. Ke4 g4 82. Kd5 g3 83. Ke4 g2 0-1

[Event "Late-Titled-Tuesday-Blitz-May-14-2024"]
[Site "Chess.com"]
[Date "2024.05.14"]
[Round "2"]
[White "Jarming"]
[Black "GMBenjaminBok"]
[Result "1/2-1/2"]
[WhiteElo "2676"]
[BlackElo "3029"]
[TimeControl "180+1"]
[EndTime "14:19:56 PDT"]
[Termination "Game drawn by repetition"]

1. g3 d5 2. Bg2 c6 3. Nf3 Bg4 4. c4 e6 5. O-O Nf6 6. Qc2 Nbd7 7.
b3 Bd6 8. Bb2 h6 9. d3 O-O 10.
Nbd2 e5 11. e4 dxe4 12. Nxe4 Nxe4 13. dxe4 Qe7 14. Rad1 Rfd8 15. Rd2 Nc5 16. Nh4 g6 17. h3 Be6 18. b4 Na6 19. a3 Bc7 20. Rfd1 Rxd2 21.
Rxd2 Rd8 22. c5 Nb8 23. Bf1 Rxd2 24. Qxd2 Kh7 25. Bc1 Qf8 26. Nf3 Nd7 27. Bb2 Qe7 28. Kg2 f6 29. Qc2 Qf7 30. Nd2 Nf8 31. Bc4 Qd7 32.
Bxe6 Nxe6 33. h4 h5 34. Nc4 b5 35. cxb6 axb6 36. a4 b5 37. axb5 cxb5 38. Na5 Bb6 39. Bc3 Kg7 40. Qe2 Bd4 41. Be1 Bb6 42. Nb3 Qc6 43. Qd3 Bd4 44. Bd2 Kf7 45. Be3 Qc4 46.
Qxc4 bxc4 47. Na5 c3 48. Kf3 c2 49. Nb3 Bc3 50. Ke2 Bxb4 51. Kd3 Bd6 52. Kxc2 f5 53.
Kd3 Bc7 54. Bd2 Bb6 55. Be3 Bc7 56. Nc5 Nd8 57. Nb3 Bd6 58. Nd2 Ne6 59. Nc4 Bc7 60.
Nd2 Nf8 61. Nc4 Nd7 62. Nd2 Ke6 63. Nc4 Nf6 64. exf5+ gxf5 65. Bg5 Ne4 66. Be3 Bd8 67. Nd2 Nf6 68. Ke2 Be7 69. Bg5 Nd5 70. Bxe7 Nxe7 71. f3 Kd5 72. Kd3 Nc6 73. Nf1 Nb4+ 74. Ke2 Ke6 75.
Ne3 Nc6 76. Nc2 Kd5 77. Kd3 Ke6 78. Ne3 Nd4 79. f4 exf4 80. Kxd4 fxe3 81. Kxe3 Ke5 82. Kd3 Kd5 83. Ke3 Ke5 84. Kf3 Ke6 85. Ke3 Ke5 1/2-1/2

[Event "Late-Titled-Tuesday-Blitz-May-14-2024"]
[Site "Chess.com"]
[Date "2024.05.14"]
[Round "2"]
[White "lucasran"]
[Black "MeesvanOsch"]
[Result "1-0"]
[WhiteElo "2553"]
[BlackElo "2350"]
[TimeControl "180+1"]
[EndTime "14:19:56 PDT"]
[Termination "lucasran won by resignation"]

1. Nf3 Nf6 2. c4 b6 3. g3 Bb7 4. Bg2 g6 5. O-O Bg7 6. d4 O-O 7.
Nc3 Ne4 8. Nxe4 Bxe4 9. Be3 d5 10. cxd5 Qxd5 11. Qb3 Qxb3 12. axb3 Nc6 13. Rfc1 Rfc8 14.
Ne5 Bxg2 15. Nxc6 Bxc6 16. Rxc6 a5 17. Rac1 e6 18. Rxc7 Rd8 19. Rb7 Bxd4 20. Bxd4 Rxd4 21. Rcc7 Rf8 22. Rxb6 Rd2 23. e3 Rxb2 24. Ra7 Ra2 25.
Rb5 Rc8 26. Raxa5 Rb2 27. Ra1 Rcc2 28. Rf1 Rc3 29. b4 Rc4 30. Rb8+ Kg7 31. b5 Rcb4 32.
Rd1 Rxb5 33. Rc8 Ra2 34. Rc7 Rbb2 35. Rf1 h5 36. h4 Rd2 37. Kg2 Kf6 38. Rc4 Rdb2 39.
Rf4+ Kg7 40. Rf3 f5 41. Rc1 Kf6 42. Rc8 Rb6 43. Rf8+ Kg7 44. Re8 Kf7 45. Rc8 e5 46. e4 Rf6 47. Rc7+ Ke6 48. exf5+ gxf5 49. Rh7 f4 50.
Rxh5 fxg3 51. Rxf6+ Kxf6 52. Kxg3 Ra3+ 53. Kg2 Rb3 54.
Rg5 e4 55. Rg3 Rb5 56. Re3 Kf5 57. Kg3 Rb8 58. Ra3 Rg8+ 59. Kh3 Kf4 60. Rb3 Rg1 61.
Kh2 Rf1 62. Kg2 Ra1 63. Rh3 Ra6 64. h5 Rh6 65. Rh4+ Kf5 66. Kg3 Kg5 67. Rxe4 Kxh5 68. Rh4+ Kg5 69. Rxh6 Kxh6 70. Kh4 Kg6 71. Kg4 Kf6 72. Kf4 Kg6 73. Ke5 Kf7 74. Kf5 Ke7 75. Kg6 Kf8 76. Kf6 Kg8 77. f4 Kf8 78. f5 Kg8 79.
Ke7 Kg7 80. f6+ Kg6 81. f7 Kg7 82. f8=Q+ 1-0

[Event "Late-Titled-Tuesday-Blitz-May-14-2024"]
[Site "Chess.com"]
[Date "2024.05.14"]
[Round "2"]
[White "Puzzlebot_1294"]
[Black "albayo"]
[Result "0-1"]
[WhiteElo "2640"]
[BlackElo "2408"]
[TimeControl "180+1"]
[EndTime "14:19:58 PDT"]
[Termination "albayo won by resignation"]

1. d4 Nf6 2. Bf4 c5 3. e3 d5 4. Nf3 Nc6 5. c3 Qb6 6. Qc2 Bf5 7. dxc5 Bxc2 8. cxb6 axb6 9. Na3 Bf5 10. Nb5 Kd7 11. a3 h6 12. h4 e6 13. c4 Be7 14.
Rd1 Rhc8 15. Ne5+ Ke8 16. Nxc6 bxc6 17. Nc7+ Kd7 18. Nxa8 Rxa8 19. cxd5 exd5 20. f3 Ke6 21. g4 Bg6 22. Bh3 Ng8 23. h5 Bh7 24. Kf2 f5 25. Rhe1 Nf6 26. Rc1 c5 27. Rcd1 fxg4 28. Bxg4+ Nxg4+ 29.
fxg4 Be4 30. Kg3 Bf6 31. Rd2 b5 32. Rc1 c4 33. Rf1 Ra4 34. Kh3 b4 35. axb4 Rxb4 36. Rff2 Rb3 37. Rde2 Bd3 38. Rd2 Be4 39. Rfe2 Be7 40.
Bg3 Bb4 41. Rd1 Bc5 42. Bf2 Bf3 43. Rdd2 Bxe2 44. Rxe2 Kd6 45. Kg2 Bb6 46. Kf3 Ke6 47. Be1 Bc7 48. Bc3 Be5 49. Bxe5 Kxe5 50. Rd2 Rd3 51.
Rc2 d4 52. Rxc4 Rxe3+ 53. Kf2 Rb3 54. Rc5+ Kf4 55. Rc2 Kxg4 56. Rd2 Rb4 57. Ke2 Kxh5 58. Kd3 g5 59. Rg2 g4 60. Ke4 Kg5 61. Kd5 h5 62. Kc5 Rb7 63. Kxd4 h4 64. Rc2 h3 65. Ke4 g3 66. Kf3 g2 67. Kf2 Rf7+ 68. Kg3 Rf1 69. Kxh3 g1=Q 70. Rc5+ Kf4 71. Rc4+ Ke5 72. Rc3 Qh1+ 73.
Kg4 Rg1+ 74. Rg3 Rxg3+ 75. Kxg3 Qb1 76. Kf3 Qxb2 77. Kg3 Qd4 78. Kf3 Qe4+ 79. Kg3 Qf4+ 0-1

[Event "Late-Titled-Tuesday-Blitz-May-14-2024"]
[Site "Chess.com"]
[Date "2024.05.14"]
[Round "2"]
[White "VictorFcQNK"]
[Black "Akhayan"]
[Result "1-0"]
[WhiteElo "2130"]
[BlackElo "2438"]
[TimeControl "180+1"]
[EndTime "14:19:58 PDT"]
[Termination "VictorFcQNK won by resignation"]

1. d4 Nf6 2. Nf3 g6 3. Nc3 d5 4. Bf4 Bg7 5. Nb5 Na6 6. e3 c6 7.
Na3 O-O 8. Be2 Nc7 9. O-O Ne6 10.
Be5 Nd7 11. Bxg7 Nxg7 12. c4 dxc4 13. Nxc4 b5 14. Nce5 Bb7 15. Nxd7 Qxd7 16. Ne5 Qe6 17. Bg4 Qd6 18. Bf3 Rac8 19. Rc1 Nf5 20. Qb3 e6 21.
Rc2 Rc7 22. Rfc1 Rfc8 23. g3 a6 24. Rc5 Ne7 25. Ng4 Kf8 26. Qd3 Ng8 27. h4 h5 28.
Ne5 Ne7 29. Qe2 Kg7 30. Bxh5 Rh8 31. Bf3 Nf5 32. Bg2 Qe7 33. Nf3 Nd6 34. Ne5 Ba8 35. Nxc6 Qf6 36. Ne5 Rxc5 37. Rxc5 Be4 38. Bxe4 Nxe4 39.
Rc7 Nd6 40. Qc2 g5 41. Qc6 Rd8 42. hxg5 Qxg5 43. Rd7 Rf8 44. Qxd6 Qh5 45. Qxe6 Qd1+ 46. Kg2 Qh5 47. Qg4+ Qxg4 48. Nxg4 Kg6 49. Rd6+ Kg5 50. f3 Rc8 51. Rd5+ Kg6 52. Rc5 Rd8 53. Ne5+ Kg7 54. Rc6 a5 55. Rc5 Rb8 56. b3 a4 57. bxa4 bxa4 58.
Ra5 Rb2+ 59. Kh3 Rxa2 60. Kg4 Ra3 61. Ra7 Kh6 62. Nxf7+ Kg6 63. Kf4 Ra1 64. Ne5+ Kf6 65. Ra6+ Ke7 66. g4 a3 67. Nc4 a2 68. Nd2 Kf7 69. Ne4 Kg7 70. g5 Kf7 71. Kf5 Rf1 72. Ra7+ Kf8 73. Rxa2 Rxf3+ 74. Ke5 Rxe3 75. g6 Kg7 76.
Ra6 Rf3 77. Nd6 Kxg6 78. Ne4+ Kf7 79. Ra7+ Ke8 80. d5 Rh3 81. Kd6 Rh5 82. Nf6+ Kd8 83.
Nxh5 1-0

[Event "Late-Titled-Tuesday-Blitz-May-14-2024"]
[Site "Chess.com"]
[Date "2024.05.14"]
[Round "2"]
[White "MyDream003"]
[Black "Russian_berezka"]
[Result "0-1"]
[WhiteElo "2842"]
[BlackElo "2601"]
[TimeControl "180+1"]
[EndTime "14:19:59 PDT"]
[Termination "Russian_berezka won on time"]

1. Nf3 c5 2. b3 Nf6 3. Bb2 d6 4. g3 g6 5. Bg2 Bg7 6. O-O O-O 7. c4 e5 8. Nc3 Nc6 9. d3 Be6 10. Ng5 Bd7 11. Nge4 Nxe4 12. dxe4 Be6 13. e3 Qe7 14. Qd2 h6 15. Rad1 Rad8 16. h3 Kh7 17. Kh2 Rd7 18.
Qe2 f6 19. Rd2 Rfd8 20. Rfd1 Qf7 21. Nb5 Qf8 22. f4 g5 23. f5 Bf7 24. Bf3 Qe7 25. Bh5 Bxh5 26. Qxh5 Bf8 27. Nc3 Qf7 28. Qf3 h5 29.
Nd5 Kh6 30. Kg2 Ne7 31. Nc3 Nc6 32. Ba3 b6 33. Rd3 a6 34. R1d2 Rb7 35. Qd1 Rdb8 36. Rxd6 Bxd6 37. Rxd6 Ne7 38. Re6 Kg7 39. Bb2 Qe8 40. Nd5 Nxd5 41. exd5 Re7 42. e4 b5 43. Bc3 bxc4 44. bxc4 Qf7 45. Qa4 Rb1 46. Qc2 Reb7 47. Rxa6 h4 48. g4 Qd7 49. Rc6 Qe8 50.
Rxc5 Qe7 51. Ra5 Qc7 52. c5 Qxa5 53. Bxa5 R1b2 54. Qxb2 Rxb2+ 55. Kf3 Rxa2 56. c6 Rc2 57. c7 Kf7 58. Ke3 Ke8 59. Kd3 Rc5 60. Bb6 Rc1 61.
Ba5 Kd7 62. Kd2 Rh1 63. d6 Rxh3 64. Bc3 Rf3 65. Ba5 h3 0-1

[Event "Late-Titled-Tuesday-Blitz-May-14-2024"]
[Site "Chess.com"]
[Date "2024.05.14"]
[Round "2"]
[White "KatakuriDono"]
[Black "betta2004"]
[Result "0-1"]
[WhiteElo "2302"]
[BlackElo "2525"]
[TimeControl "180+1"]
[EndTime "14:20:02 PDT"]
[Termination "betta2004 won by checkmate"]

1. d4 d5 2. c4 e6 3. Nc3 dxc4 4. e4 c5 5. d5 Nf6 6. Bxc4 exd5 7. exd5 Bd6 8. Nge2 O-O 9. O-O a6 10. a4 Nbd7 11. Ng3 Ne5 12. Be2 Bg4 13. Bg5 Bxe2 14. Qxe2 h6 15. Bxf6 Qxf6 16. Nge4 Qd8 17. Nxc5 Bxc5 18.
Qxe5 Re8 19. Qg3 Qb6 20. a5 Qxb2 21. Rab1 Qa3 22. Rxb7 Qxa5 23. Qf3 Rf8 24. Ne4 Bd4 25. Rd1 Be5 26. Qf5 Qa4 27. Rdb1 Qd4 28. Rd7 g6 29.
Qg4 h5 30. Qf3 Rae8 31. g3 Bg7 32. Ng5 Re5 33. h4 Rf5 34. Qg2 Bh6 35. Rbb7 Bxg5 36. hxg5 Rxg5 37. d6 Rd5 38. Qf3 Rf5 39. Qg2 Qd1+ 40.
Kh2 Qd4 41. Kg1 h4 42. Re7 hxg3 43. Qxg3 Qd1+ 44. Kg2 Qd2 45. Re5 Rf6 46. d7 Rd6 47. Re8 Rxd7 48. Rxf8+ Kxf8 49. Rb8+ Kg7 50. Qe5+ f6 51.
Qe8 Qd5+ 52. f3 Qd2+ 53. Kg3 Qg5+ 54. Kh3 Qf5+ 55. Kg3 Qe5+ 56. Qxe5 fxe5 57. Ra8 Rd6 58. Kg4 Kf6 59. Ra7 Rd4+ 60. Kg3 Ra4 61. Kf2 Ra2+ 62. Ke3 Kf5 63. Ra8 a5 64. Rf8+ Ke6 65. Re8+ Kf6 66. Rf8+ Ke7 67. Ra8 a4 68. Ra7+ Kf6 69.
Ra6+ Kf5 70. Ra8 a3 71. Rf8+ Kg5 72. Re8 Kf6 73. Rf8+ Ke7 74. Ra8 Ra1 75. Kf2 a2 76. Kg2 g5 77. Ra7+ Kf6 78. Ra6+ Kf5 79. Ra4 g4 80. fxg4+ Kg5 81. Kh2 e4 82. Kg2 e3 83.
Kh2 e2 84. Ra5+ Kxg4 85. Ra4+ Kf3 86. Ra3+ Kf2 87. Rf3+ Kxf3 88. Kh3 Rh1# 0-1

[Event "Late-Titled-Tuesday-Blitz-May-14-2024"]
[Site "Chess.com"]
[Date "2024.05.14"]
[Round "2"]
[White "biostatistician"]
[Black "platy3"]
[Result "0-1"]
[WhiteElo "2609"]
[BlackElo "2897"]
[TimeControl "180+1"]
[EndTime "14:20:03 PDT"]
[Termination "platy3 won on time"]

1. d4 Nf6 2. Nf3 d5 3. c4 dxc4 4. e3 e6 5. Bxc4 a6 6. O-O b5 7.
Be2 Bb7 8. a4 b4 9. b3 Nbd7 10.
Bb2 Be7 11. Nbd2 O-O 12. Nc4 c5 13. Rc1 Rc8 14. Nfe5 cxd4 15. Qxd4 Nc5 16. Qxd8 Rfxd8 17. Na5 Bd5 18. Bc4 Ba8 19. Bd4 Nd5 20. Rfd1 Nc3 21.
Bxc3 Rxd1+ 22. Rxd1 bxc3 23. Rc1 Bd8 24. b4 Bxa5 25.
bxa5 Nxa4 26. Bxa6 Rc5 27. Nc4 Bd5 28. Nb6 Rxa5 29.
Nxa4 Rxa4 30. Rxc3 g5 31. Bf1 g4 32. Rc1 Kg7 33. Be2 h5 34. f3 f5 35. Rc2 Kf6 36.
Kf2 Ke5 37. f4+ Kf6 38. g3 Ra1 39. Bf1 Be4 40. Rd2 h4 41. gxh4 Kg6 42. Bg2 Kh5 43. Bxe4 fxe4 44. Rd8 Ra2+ 45. Kg3 Re2 46. Rh8+ Kg6 47.
Kxg4 Rxe3 48. h5+ Kf6 49. h6 Re2 50. h4 Rg2+ 51. Kh3 Rd2 52. h7 Kg7 53. Re8 Rd3+ 54. Kg4 Kxh7 55. Rxe6 Rd4 56. Kf5 Kg7 57. Rxe4 Rd5+ 58.
Re5 Rd1 59. Re7+ Kf8 60. Re6 Kf7 61. h5 Rd5+ 62. Re5 Rd1 63. Rb5 Rh1 64. Rb7+ Kg8 65. Kg6 Rg1+ 66. Kh6 Rf1 67. Rb8+ Kf7 68. Kg5 Rg1+ 69. Kf5 Rh1 70. Rb7+ Kg8 71. Kg5 Rg1+ 72. Kf6 Rf1 73. f5 Ra1 74. h6 Ra6+ 75. Kg5 Ra1 76. Kg6 Rg1+ 77. Kf6 Ra1 78. Rb8+ Kh7 79. Rb6 Ra7 80.
Re6 Ra1 81. Kf7 Ra5 82. f6 Kxh6 83. Re1 Ra7+ 84. Kg8 Ra8+ 85. Kf7 Ra7+ 86. Kf8 Kg6 0-1

[Event "Late-Titled-Tuesday-Blitz-May-14-2024"]
[Site "Chess.com"]
[Date "2024.05.14"]
[Round "2"]
[White "rasmussvane"]
[Black "ozates"]
[Result "1/2-1/2"]
[WhiteElo "2979"]
[BlackElo "2661"]
[TimeControl "180+1"]
[EndTime "14:20:11 PDT"]
[Termination "Game drawn - insufficient material"]

1. Nf3 c5 2. c4 Nc6 3. Nc3 e5 4. g3 g6 5. d3 Bg7 6. Bg2 d6 7.
O-O Nge7 8. Bg5 f6 9. Bd2 O-O 10.
a3 a5 11. Rb1 Be6 12. Ne1 d5 13. cxd5 Nxd5 14. Nc2 Nde7 15. b4 cxb4 16. axb4 axb4 17.
Nxb4 f5 18. Nxc6 bxc6 19. Bg5 h6 20. Bxe7 Qxe7 21. Qc2 Qc5 22. Rbc1 Rfb8 23. Nd1 Qxc2 24. Rxc2 Bd5 25. Ne3 Bxg2 26. Kxg2 Ra6 27. Rfc1 Rbb6 28. g4 fxg4 29. Nxg4 Kf7 30. Rc5 Ke6 31. R1c2 h5 32.
Ne3 Bf8 33. R5c4 c5 34. Nf1 Rb4 35. Ng3 Rab6 36. Ne4 Rxc4 37. Rxc4 Kd5 38. Ra4 Rb4 39. Ra6 c4 40. Rxg6 cxd3 41. exd3 Rb3 42. Rg3 Kd4 43. Nf6 h4 44. Rg4+ Kxd3 45. Rxh4 Rb6 46. Ne4 Rg6+ 47.
Ng3 Bc5 48. f3 Be3 49. Rg4 Rb6 50. Ne4 Rb2+ 51. Kh3 Bf4 52. Rg2 Rb8 53. Ra2 Rh8+ 54.
Kg4 Rxh2 55. Ra3+ Kd4 56. Ra4+ Ke3 57. Ra3+ Kd4 58. Nd6 Rg2+ 59. Kf5 Rg5+ 60. Kf6 Rg1 61. Nf5+ Kc4 62. Ke6 Rf1 63. Nd6+ Kd4 64. Kf5 Re1 65. Ra4+ Ke3 66. Ra3+ Kf2 67. Ne4+ Kg2 68. Kg4 Rc1 69.
Ra2+ Kg1 70. Kh3 Kf1 71. Rg2 Ke1 72. Rg1+ Ke2 73. Rxc1 Bxc1 74. Kg4 Bf4 75. Nf6 Bh2 76. Ne4 Ke3 77. Ng5 Bf4 78. Ne4 Bh2 79. Nc3 Kf2 80. Nd5 Ke2 81. Nc3+ Kf2 82. Nb1 Ke3 83. Na3 e4 84. fxe4 Kxe4 1/2-1/2

[Event "Late-Titled-Tuesday-Blitz-May-14-2024"]
[Site "Chess.com"]
[Date "2024.05.14"]
[Round "2"]
[White "CarlosAlbornoz"]
[Black "Artem_Koval"]
[Result "0-1"]
[WhiteElo "2835"]
[BlackElo "2593"]
[TimeControl "180+1"]
[EndTime "14:20:27 PDT"]
[Termination "Artem_Koval won by checkmate"]

1. d4 d5 2. Nf3 Nf6 3. e3 Bf5 4. c4 c6 5. Nc3 e6 6. Nh4 Bg4 7. f3 Bh5 8. Qb3 Qb6 9. g4 Bg6 10. c5 Qc7 11. Bd2 Nbd7 12. Rc1 Be7 13. g5 Ng8 14.
Nxg6 hxg6 15. f4 Bd8 16. Ne2 Ne7 17. Ng3 Nf5 18. Nxf5 exf5 19. h4 Nf8 20. Be2 Ne6 21. Qc2 Be7 22. b4 a6 23. a4 f6 24. Kf2 Kf7 25.
h5 gxh5 26. Bxh5+ g6 27. gxf6 Bxf6 28. Bxg6+ Kxg6 29. Rcg1+ Bg5 30. fxg5 Rh2+ 31. Rxh2 Qxh2+ 32. Rg2 Qh4+ 33. Ke2 Qe4 34. Qxe4 fxe4 35. Be1 Rh8 36. Bg3 Rh5 37. Bf4 Rh3 38. b5 axb5 39. axb5 cxb5 40.
Bd6 b4 41. c6 bxc6 42. Bxb4 Rh5 43. Be7 Nxg5 44. Rg1 Kf5 45. Bxg5 Rxg5 46. Rc1 Rg2+ 47.
Kf1 Rg3 48. Kf2 Rg6 49. Rh1 Ke6 50. Rh8 Kd6 51. Ke2 Rg7 52. Rd8+ Rd7 53. Ra8 Rc7 54.
Ra6 Kd7 55. Ra8 c5 56. dxc5 Rxc5 57. Kd2 Kd6 58. Ra6+ Rc6 59. Ra8 Rb6 60. Rd8+ Kc5 61. Rc8+ Rc6 62. Rb8 Rb6 63. Rc8+ Rc6 64. Rh8 Rg6 65.
Rc8+ Kd6 66. Kc3 Rg1 67. Rd8+ Kc6 68. Rc8+ Kd7 69. Rc5 Rd1 70. Kc2 Rd3 71. Rc3 Rxc3+ 72.
Kxc3 Kc7 73. Kd4 Kd6 74. Kc3 Kc5 75. Kd2 Kb4 76. Kc2 Kc4 77. Kd2 Kb3 78. Ke2 Kc3 79.
Kf2 Kd3 80. Kg3 Kxe3 81. Kg4 d4 82. Kg5 d3 83. Kg6 d2 84. Kf7 d1=Q 85. Ke8 Kd2 86. Ke7 e3 87. Kd6 e2 88. Kd5 e1=Q 89. Kd4 Qe3+ 90.
Kd5 Qdb3+ 91. Kc6 Qeb6+ 92. Kd7 Q3e6# 0-1

[Event "Late-Titled-Tuesday-Blitz-May-14-2024"]
[Site "Chess.com"]
[Date "2024.05.14"]
[Round "2"]
[White "Bryanl106"]
[Black "lachesisQ"]
[Result "0-1"]
[WhiteElo "2692"]
[BlackElo "3116"]
[TimeControl "180+1"]
[EndTime "14:20:57 PDT"]
[Termination "lachesisQ won by resignation"]

1. e4 Nf6 2. e5 Nd5 3. d4 d6 4. c4 Nb6 5. exd6 exd6 6. Nc3 Be7 7.
Be3 O-O 8. Nf3 Bf6 9. h3 Re8 10. Be2 Be6 11. b3 d5 12. c5 N6d7 13. O-O Nxc5 14.
Nxd5 Bxd5 15. dxc5 Bxa1 16. Qxa1 Nd7 17. Rd1 c6 18.
Qd4 Qf6 19. Qb4 b6 20. cxb6 axb6 21. a4 h6 22. Nh2 Qg6 23. Bf3 c5 24. Qb5 Bxf3 25.
Nxf3 Ne5 26. Nxe5 Rxe5 27. b4 Qc2 28. Rd6 Rxa4 29. bxc5 Ra2 30. Qc6 bxc5 31. Qc8+ Kh7 32. Rd8 Qf5 33. Rh8+ Kg6 34. Qc6+ Re6 35. Qxc5 Qxc5 36.
Bxc5 Rea6 37. Rb8 Ra8 38. Rb6+ f6 39. Be3 h5 40. h4 Ra1+ 41. Kh2 R1a6 42. Rb7 Ra4 43. g3 Rc8 44. Kg2 Rac4 45. Kf3 R4c7 46. Rb6 Rd7 47. Ra6 Re8 48. Rb6 Ree7 49. Ra6 Rd5 50.
Rb6 Kf5 51. Ra6 g5 52. hxg5 fxg5 53. g4+ hxg4+ 54. Kg3 Rh7 55. Ra8 Rh3+ 56. Kg2 Rh6 57. Kg3 Rd1 58. Ra5+ Ke4 59. Ra4+ Kf5 60. Ra5+ Ke4 61.
Ra4+ Ke5 62. Kxg4 Rg1+ 63. Kf3 Rh3+ 64. Ke2 g4 65. Bf4+ Kf5 66. Bg3 Rhh1 67. Ra5+ Ke6 68. Ke3 Rb1 69. Kf4 Rb4+ 70. Kg5 Rd1 71. Ra6+ Kd7 72. Ra7+ Kc6 73. Ra6+ Kb5 74. Rf6 Rdd4 75. Rf5+ Kc6 76. Rf6+ Kd7 77. Rh6 Rd5+ 78. Kh4 Rc4 79. Rg6 Rdd4 80. Rg7+ Ke6 81. Rh7 Kf5 82. Rf7+ Kg6 83.
Ra7 Rd1 84. Ra6+ Kf5 85. Ra5+ Ke6 86. Ra6+ Kd7 87. Kg5 Rd5+ 88. Kh4 Rb5 89. Rg6 Rbb4 90. Ra6 Re4 91. Kg5 Rb5+ 92. Kh4 Rb1 93. Kg5 Rc4 94.
Ra7+ Ke6 95. Ra6+ Kd5 96. Ra5+ Ke4 97. Re5+ Kf3 98. Re3+ Kg2 99. Ra3 Rb5+ 100. Kf6 Rc2 101.
Ra4 Kh3 102. Ra3 Rd5 103. Ke6 Rcd2 104. Bf4+ R2d3 105. Ra1 R5d4 106. Bg3 Rxg3 107. fxg3 Kxg3 108. Ke5 Rd2 109. Rg1+ Kh3 110. Kf4 Rf2+ 111. Ke3 g3 112. Rh1+ Kg2 113. Re1 Rf1 114. Re2+ Kg1 115. Ra2 g2 116. Rb2 Kh1 0-1